 Dungeon Crawl Stone Soup version 0.30-a0-122-g2a1322497e (webtiles) character file.

Game seed: 7331770463306624164

43 Dreamer the Covert (level 3, -2/34 HPs)
             Began as a Naga Delver on Sept 15, 2022.
             Splashed by a jelly's acid (9 damage)
             ... in a sewer.
             The game lasted 00:03:42 (1192 turns).

Dreamer the Covert (Naga Delver)                    Turns: 1192, Time: 00:03:43

Health: -2/34      AC: -1    Str: 14    XL:     3   Next: 58%
Magic:  3/3        EV:  9    Int: 10    God:
Gold:   0          SH:  0    Dex: 14    Spells: 2/2 levels left

rFire   . . .      SeeInvis +    a - +0 short sword
rCold   . . .      Faith    .    (no shield)
rNeg    . . .      Spirit   .    b - +0 leather armour
rPois   +          Reflect  .    (no helmet)
rElec   .          Harm     .    (no cloak)
rCorr   .          Rampage  .    (no gloves)
Will    .....                    (no barding)
Stlth   ++++......               (no amulet)
HPRegen 0.11/turn                (no ring)
MPRegen 0.08/turn                (no ring)

@: corroded, very slow
A: AC +1, large, see invisible, deformed body, poison resistance, slowness 2,
spit poison 1, naga tail 1
a: Spit Poison


You were in a sewer.
You visited 1 branch of the dungeon, and saw 1 of its levels.
You also visited: Sewer.

Inventory:

Hand Weapons
 a - a +0 short sword (weapon)
 h - a +0 rapier
Armour
 b - a +0 leather armour (worn)
Wands
 g - a wand of digging (3)
Scrolls
 c - a scroll of fog
 d - a scroll of magic mapping
 e - 2 scrolls of fear
Potions
 f - a potion of haste


   Skills:
 - Level 3.0 Fighting
 + Level 3.0 Short Blades
 - Level 1.5 Dodging
 + Level 8.2 Stealth


You had 2 spell levels left.
You didn't know any spells.
Your spell library was empty.

Dungeon Overview and Level Annotations

Branches:
Dungeon (5/15)              Sewer (1/1)
 Temple: D:4-7

Altars:


Innate Abilities, Weirdness & Mutations

Your serpentine skin is tough. (AC +1)
You have supernaturally acute eyesight. (SInv)
Armour fits poorly on your strangely shaped body.
Your system is resistant to poisons. (rPois)
You cover ground very slowly.
You can spit poison.
You have a snake-like lower body.


Message History

You hit the river rat.
You kill the river rat!
You have got your breath back.
Your Short Blades skill increases to level 3!
You start resting.
HP restored.
You enter the shallow water.
Moving in this stuff is going to be slow.
A frilled lizard comes into view.
Found a green potion.
The frilled lizard hisses angrily.
A rat comes into view.
The frilled lizard bites you but does no damage.
You hit the frilled lizard.
You kill the frilled lizard!
You hit the rat.
You kill the rat!
You see here a rat corpse.
You enter the shallow water.
Moving in this stuff is going to be slow.
An endoplasm comes into view.
You enter the shallow water.
Moving in this stuff is going to be slow.
A jelly comes into view.
Found 2 potions of haste.
The splash of poison hits the jelly.
The jelly completely resists.
You hit the jelly.
Your hands burn!
The jelly is lightly wounded.
The jelly hits you.
You are splashed with acid!
You hit the jelly. The acid corrodes you!
Your hands burn!
The jelly is lightly wounded.
The jelly hits you.
You are splashed with acid!
* * * LOW HITPOINT WARNING * * *
You enter the shallow water.
Moving in this stuff is going to be slow.
You have got your breath back.
The jelly hits you.
* * * LOW HITPOINT WARNING * * *
You are splashed with acid!
You die...

.## ##.~.## #~..# ~#
#~.~†###~.~# ~# ##÷.~...~~#
.########### ###~~...~###
.÷..~..~...# ##.!##~††.~~.##
~..~.....~~###.~.##..~~~.~..#
#########..##..~##~~.#~~...~.#
# #.†##~.##.~.##~~.##~~. #
#~.##~.J@.~##....~##..
#########~.###.~~..# !.#~~# ~.
~~~.~~.....# ####~~# ##~~#
.~..~~~~~.~# #.~~# ~.#
############ #....~ # ##.~.~.
# ##.J### ..#


You could see a jelly and an endoplasm (asleep).

Vanquished Creatures
  2 adders
  A river rat (Sewer)
  3 ball pythons (Sewer)
  3 endoplasms (Sewer)
  A giant cockroach (D:5)
  2 quokkas (D:5)
  3 frilled lizards (Sewer)
  2 rats (Sewer)
17 creatures vanquished.

Notes
Turn   | Place    | Note
-------+----------+-------------------------------------------
     0 | D:5      | Dreamer the Naga Delver began the quest for the Orb.
     0 | D:5      | Reached XP level 1. HP: 21/21 MP: 1/1
    26 | D:5      | Noticed a phantom
    63 | D:5      | Reached XP level 2. HP: 4/28 MP: 2/2
    86 | D:5      | Noticed a howler monkey
    93 | D:5      | Found a glowing drain.
   305 | Sewer    | Entered a sewer
   636 | Sewer    | Reached XP level 3. HP: 13/34 MP: 3/3
   883 | Sewer    | Reached skill level 8 in Stealth
  1192 | Sewer    | Splashed by a jelly's acid

Illustrated notes

Levels and vault maps discovered:
D:5:      layout_loops_ring, minmay_temple_entry_junction, portal_sewer_entry_f
Sewer:    sewer_hellmonk_slimy_pipes

Skill      XL: |  1  2  3 |
---------------+----------+-----
Stealth        | 8 |  8.2
Short Blades   | 3 |  3.0
Fighting       | |  3.0
Dodging        | |  1.5

Action                   || total
-------------------------++-------
Melee: Short sword       ||    69
       Punch             ||     2
 Abil: Spit Poison       ||     5
 Stab: Sleeping          ||     1
Armor: Leather armour    ||     8
Dodge: Dodged            ||    29

Table legend: (Time is in decaauts)
 A = Elapsed time spent in this place.
 B = Non-inter-level travel time spent in this place.
 C = Inter-level travel time spent in this place.
 D = Time resting spent in this place.
 E = Time spent auto-exploring this place.
 F = Levels seen in this place.
 G = Mean time per level.
                   A        B        C        D        E       F      G
               +--------+--------+--------+--------+--------+-----+--------+
         Total |   1260 |   1260 |      0 |    913 |     17 |   2 |  630.0 |
       Dungeon |    332 |    332 |      0 |    204 |      0 |   1 |  332.0 |
         Sewer |    928 |    928 |      0 |    709 |     17 |   1 |  928.0 |
               +--------+--------+--------+--------+--------+-----+--------+

Top non-repeatable levels by time:
   Sewer: 928 daAuts
     D:5: 332 daAuts
